 Dungeon Crawl Stone Soup version 0.30-a0-802-gb92711bcdf (webtiles) character file.

Game seed: 12840569204681399097

844 jasper the Caller (level 7, -2/52 HPs)
             Began as a Demonspawn Summoner on Feb 24, 2023.
             Slain by Pikel
             ... wielding a +2 whip of freezing
              (5 damage)
             ... on level 5 of the Dungeon.
             The game lasted 00:12:15 (3901 turns).

jasper the Caller (Demonspawn Summoner)             Turns: 3901, Time: 00:12:15

Health: -2/52      AC:  5    Str:  8    XL:     7   Next: 68%
Magic:  4/13       EV: 18    Int: 19    God:
Gold:   248        SH:  0    Dex: 13    Spells: 4/14 levels left

rFire   . . .      SeeInvis +    u - +0 longbow (freeze)
rCold   . . .      Faith    .    (shield currently unavailable)
rNeg    . . .      Spirit   .    a - +0 robe
rPois   .          Reflect  .    (no helmet)
rElec   .          Harm     .    h - +0 cloak
rCorr   .          Rampage  .    (no gloves)
Will    .....                    (no boots)
Stlth   ++                       A - amulet of regeneration
HPRegen 1.08/turn                p - ring of see invisible
MPRegen 0.13/turn                w - +5 ring of evasion

@: no status effects
A: claws 2, slimy green scales 1, powered by death 1
a: no special abilities


You were on level 5 of the Dungeon.
You visited 1 branch of the dungeon, and saw 6 of its levels.

You collected 270 gold pieces.
You spent 22 gold pieces at shops.

Inventory:

Hand Weapons
 d - a +0 dagger
 f - a +0 short sword
 i - a +3 dagger of venom
 k - a +0 spear
 u - a +0 longbow of freezing (weapon)
Missiles
 r - 5 poisoned darts
Armour
 a - a +0 robe (worn)
 h - a +0 cloak (worn)
 q - a +0 kite shield
Jewellery
 p - a ring of see invisible (left claw)
 w - a +5 ring of evasion (right claw)
 x - an amulet of faith
 y - a ring of resist corrosion
 A - an amulet of regeneration (around neck)
Scrolls
 c - 2 scrolls of immolation
 g - 3 scrolls of teleportation
 l - 2 scrolls of silence
 o - a scroll of identify
 B - a scroll of enchant weapon
 C - a scroll of fear {unknown}
Potions
 b - a potion of magic
 e - 3 potions of curing
 j - 2 potions of haste
 m - a potion of might
 n - a potion of mutation {unknown}
 s - a potion of berserk rage {unknown}
 t - 2 potions of heal wounds {unknown}
 v - a potion of invisibility {unknown}
 z - 2 potions of attraction {unknown}


   Skills:
 + Level 3.5 Fighting
 - Level 3.2 Dodging
 - Level 1.7 Stealth
 + Level 4.0 Spellcasting
 * Level 6.8 Summonings
 + Level 1.7 Air Magic


You had 4 spell levels left.
You knew the following spells:

 Your Spells              Type           Power      Damage    Failure   Level
a - Summon Small Mammal   Summ           100%       N/A       1%          1
b - Call Imp              Summ           29%        N/A       1%          2
c - Call Canine Familiar  Summ           29%        N/A       2%          3
d - Summon Lightning Spi  Summ/Air       20%        N/A       24%         4

Your spell library contained the following spells:

 Spells                   Type           Power      Damage    Failure   Level
 Summon Guardian Golem    Hex/Summ       16%        N/A       10%         3
 Magic Dart               Conj           12%        1d3       14%         1
 Sandblast                Erth           6%         2d5       14%         1
 Passwall                 Tmut/Erth      2%         N/A       21%         2
 Searing Ray              Conj           6%         2d4       21%         2
 Stone Arrow              Conj/Erth      6%         3d7       38%         3
 Fulminant Prism          Conj/Hex       1%         3d5       80%         4


Dungeon Overview and Level Annotations

Branches:
Dungeon (6/15)
 Temple: D:4-7

Altars:
Fedhas
Kikubaaqudgha
Nemelex Xobeh
Xom
Yredelemnul

Shops:
D:1 ?(?**

Annotations:
D:5 2 runed translucent doors, Esekla's ghost, weakling OpDe; Pikel


Innate Abilities, Weirdness & Mutations

You have very sharp fingernails.
You are partially covered in slimy green scales. (AC +2)
You regenerate a little health from kills.


Message History

The lemure hits you but does no damage. Pikel misses you.
Fire: u) +0 longbow (freeze)
Press: ? - help, Q - select action, (/) - cycle Shift-Dir - straight line, f/p - Pikel
Aim: Pikel, wielding a +2 whip of freezing and wearing a +0 robe (severely wounded, 45% to hit)
You shoot an arrow. The arrow barely misses Pikel.
The arrow barely misses the lemure.
The lemure hits you but does no damage. The lemure barely misses you.
Pikel barely misses you. The lemure hits you but does no damage.
You regained 2 hp, and now have 31/52 hp.
Fire: u) +0 longbow (freeze)
Press: ? - help, Q - select action, (/) - cycle Shift-Dir - straight line, f/p - Pikel
Aim: Pikel, wielding a +2 whip of freezing and wearing a +0 robe (severely wounded, 45% to hit)
You shoot an arrow. The arrow hits Pikel!
The arrow freezes Pikel.
Pikel is almost dead.
The lemure barely misses you. The lemure completely misses you.
Pikel hits you with a +2 whip of freezing.
Pikel freezes you. The lemure closely misses you. The lemure misses you.
The lemure hits you. x2
Pikel waves his whip at you. Pikel completely misses you. The lemure hits you.
The lemure hits you but does no damage.
You take 14 damage, and have 17/52 hp.
MASSIVE DAMAGE!!
Fire: u) +0 longbow (freeze)
Press: ? - help, Q - select action, (/) - cycle Shift-Dir - straight line, f/p - Pikel
Aim: Pikel, wielding a +2 whip of freezing and wearing a +0 robe (almost dead, 45% to hit)
You shoot an arrow. The arrow misses Pikel.
The lemure misses you. The lemure closely misses you. Pikel barely misses you.
The lemure misses you. The lemure hits you. The lemure closely misses you. x2
Pikel barely misses you. The lemure completely misses you. The lemure hits you.
* * * LOW HITPOINT WARNING * * *
You take 5 damage, and have 12/52 hp.
Fire: u) +0 longbow (freeze)
Press: ? - help, Q - select action, (/) - cycle Shift-Dir - straight line, f/p - Pikel
Aim: Pikel, wielding a +2 whip of freezing and wearing a +0 robe (almost dead, 45% to hit)
You shoot an arrow. The arrow closely misses Pikel.
The lemure barely misses you. The lemure misses you. x2
Pikel hits you with a +2 whip of freezing!
* * * LOW HITPOINT WARNING * * *
Pikel freezes you.
You die...

#.###### ########......####
#......#...8...... #######
###......#.58.....# .......
........##588..# #######
#......###K#### ......#
#......# #ยง# #####.#
#....55###.# # #....@K....# ##
#####....55##### .###
...........#
...############...#
......#########...# ##########
+####.............# #.........
.~..#.###############.########
#..##........................
...##.########...####.#######


You could see Pikel and 4 lemures.

Vanquished Creatures
  A water moccasin (D:5)
  An ice beast (D:5)
  An ogre (D:5)
  A scorpion (D:5)
  A howler monkey (D:5)
  A centaur zombie (D:5)
  A hound (D:5)
  A gnoll bouda (D:5)
  An iguana (D:4)
  An orc wizard (D:4)
  A howler monkey zombie (D:5)
  4 gnolls (D:5)
  2 adders
  A shadow imp (D:5)
  A white imp (D:5)
  A worm (D:4)
  2 dart slugs
  11 orcs
  6 ball pythons
  4 endoplasms
  3 giant cockroaches
  4 goblins
  3 hobgoblins
  4 jackals (D:3)
  2 quokkas
  4 bats
  3 frilled lizards
  3 kobolds
  4 rats
73 creatures vanquished.

Vanquished Creatures (collateral kills)
  A scorpion (D:5)
  An orc wizard (D:5)
  A hound skeleton (D:5)
  5 gnolls (D:5)
  A worm (D:2)
  3 endoplasms (D:1)
  3 giant cockroaches (D:1)
  A goblin (D:1)
  3 hobgoblins
  5 kobolds
  A quokka (D:1)
  4 ball pythons
  3 bats (D:1)
  4 rats
36 creatures vanquished.

Vanquished Creatures (others)
  5 withered plants (D:5)
5 creatures vanquished.

Grand Total: 114 creatures vanquished

Notes
Turn   | Place    | Note
-------+----------+-------------------------------------------
     0 | D:1      | jasper the Demonspawn Summoner began the quest for the Orb.
     0 | D:1      | Reached XP level 1. HP: 13/13 MP: 3/3
   259 | D:1      | Gained mutation: You are partially covered in slimy green
                  | scales. (AC +2) [demonic ancestry]
   259 | D:1      | Reached XP level 2. HP: 20/20 MP: 0/5
   262 | D:1      | Learned a level 2 spell: Call Imp
   321 | D:1      | Found Julech's Magic Scroll Boutique.
   655 | D:1      | Found Fatroaf's Assorted Antiques.
   670 | D:1      | Bought a scroll labelled DOM BOAQU ICVA for 22 gold pieces
   701 | D:1      | Found Poikleja's Magic Scroll Shop.
   752 | D:1      | Found Ditesho's Antique Weapon Emporium.
   899 | D:1      | Found Boilyok's Assorted Antiques.
  1070 | D:2      | Reached skill level 1 in Fighting
  1099 | D:2      | Reached XP level 3. HP: 16/26 MP: 2/6
  1103 | D:2      | Learned a level 3 spell: Call Canine Familiar
  2387 | D:3      | Reached XP level 4. HP: 32/32 MP: 7/7
  2613 | D:3      | Found a blossoming altar of Fedhas.
  2674 | D:3      | You fall into a shaft and drop 3 floors!
  2683 | D:5      | Entered Level 5 of the Dungeon
  2683 | D:5      | Found a basalt altar of Yredelemnul.
  2683 | D:5      | Found an ancient bone altar of Kikubaaqudgha.
  2683 | D:5      | Found a shimmering altar of Xom.
  2780 | D:4      | Reached skill level 5 in Summonings
  2780 | D:4      | Gained mutation: You regenerate a little health from kills.
                  | [demonic ancestry]
  2780 | D:4      | Reached XP level 5. HP: 38/38 MP: 9/9
  3249 | D:5      | Noticed a water moccasin
  3260 | D:5      | Killed a water moccasin
  3261 | D:5      | Gained mutation: You have sharp fingernails. [demonic
                  | ancestry]
  3261 | D:5      | Reached XP level 6. HP: 22/46 MP: 10/10
  3367 | D:5      | Reached skill level 6 in Summonings
  3396 | D:5      | Learned a level 4 spell: Summon Lightning Spire
  3428 | D:5      | Gained mutation: You have very sharp fingernails. [demonic
                  | ancestry]
  3428 | D:5      | Reached XP level 7. HP: 52/52 MP: 9/12
  3514 | D:5      | Found a large runed translucent door.
  3514 | D:5      | Found a large runed translucent door.
  3515 | D:5      | Noticed Esekla's ghost (weakling OpDe)
  3566 | D:5      | Reached skill level 1 in Air Magic
  3747 | D:5      | Found a sparkling altar of Nemelex Xobeh.
  3873 | D:5      | Noticed Pikel
  3901 | D:5      | Slain by Pikel

Illustrated notes

Levels and vault maps discovered:
D:1:      sevenhm_arrival_forest_fort_small_4, layout_basic, serial_shops,
          nicolae_shop_overgrown_old_shop, nicolae_shop_trees,
          nicolae_shop_behind_doors,
          nicolae_shop_temple_entry_statues_fountains,
          nicolae_shop_overgrown_old_shop, minmay_misc_feat_four_crosses,
          minmay_misc_feat_room
D:2:      layout_basic, hangedman_glass_teeth
D:3:      layout_loops_ring, fedhas_altar_2
D:4:      layout_cave_pools
D:5:      layout_basic, nicolae_overflow_quartered_altars, serial_undead,
          serial_undead_e, serial_undead_d, serial_undead_e, serial_undead_c,
          ebering_ghost_disaster_area, uniq_pikel
D:6:      layout_loops_ring, mainiacjoe_overflow_boulevard,
          kennysheep_cross_bottleneck, st_stairs_4

Skill      XL: |  1  2  3  4  5  6  7 |
---------------+----------------------+-----
Dodging        | 2 3 |  3.2
Fighting       | 1 2 3 |  3.5
Summonings     | 5 6 |  6.8
Spellcasting   | 3 4 |  4.0
Air Magic      | 1 |  1.7
Stealth        | |  1.7

Action                     |  1- 3 |  4- 6 |  7- 9 || total
---------------------------+-------+-------+-------++-------
  Melee: Unarmed           |    25 |       |       ||    25
         Short sword       |    35 |       |       ||    35
         Dagger            |    44 |     5 |       ||    49
   Fire: Longbow           |       |    70 |    75 ||   145
   Cast: Summon Small Mamm |    23 |       |       ||    23
         Call Imp          |    27 |     2 |     6 ||    35
         Call Canine Famil |       |     5 |     3 ||     8
    Use: Scroll            |     5 |     2 |       ||     7
   Stab: Distracted        |     1 |       |       ||     1
         Sleeping          |     3 |       |       ||     3
 Armour: Robe              |    34 |     9 |    15 ||    58
  Dodge: Dodged            |   106 |    32 |    66 ||   204

Table legend: (Time is in decaauts)
 A = Elapsed time spent in this place.
 B = Non-inter-level travel time spent in this place.
 C = Inter-level travel time spent in this place.
 D = Time resting spent in this place.
 E = Time spent auto-exploring this place.
 F = Levels seen in this place.
 G = Mean time per level.
                   A        B        C        D        E       F      G
               +--------+--------+--------+--------+--------+-----+--------+
         Total |   3987 |   3824 |    163 |    185 |   2671 |   6 |  664.5 |
       Dungeon |   3987 |   3824 |    163 |    185 |   2671 |   6 |  664.5 |
               +--------+--------+--------+--------+--------+-----+--------+

Top non-repeatable levels by time:
     D:1: 1071 daAuts
     D:2: 891 daAuts
     D:3: 817 daAuts
     D:5: 737 daAuts
     D:4: 461 daAuts
     D:6: 8 daAuts
